 Dungeon Crawl Stone Soup version 0.31.0-1-g2c135a0 (webtiles) character file.

Game seed: 683362907073515857

2 bonegar the Sneak (level 1, -1/15 HPs)
             Began as a Naga Enchanter on Feb 13, 2024.
             Slain by a goblin
             ... wielding a +0 dagger
              (3 damage)
             ... on level 1 of the Dungeon.
             The game lasted 00:01:24 (63 turns).

bonegar the Sneak (Naga Enchanter)                    Turns: 63, Time: 00:01:25

Health: -1/15      AC:  1    Str: 10    XL:     1   Next: 40%
Magic:  3/3        EV:  9    Int: 15    God:
Gold:   8          SH:  0    Dex: 11    Spells: 4/4 levels left

rFire   . . .        a - +1 dagger
rCold   . . .        (no shield)
rNeg    . . .        b - +0 robe
rPois   +            (no helmet)
rElec   .            (no cloak)
rCorr   .            (no gloves)
SInv    +            (no barding)
Will    .....        (no amulet)
Stlth   ++           (no ring)
HPRegen 0.22/turn    (no ring)
MPRegen 0.08/turn

%: no passive effects
@: very slow
A: AC +0, large, see invisible, deformed body, poison resistance, slowness 2,
spit poison 1, naga tail 1
a: Spit Poison


You were on level 1 of the Dungeon.
You visited 1 branch of the dungeon, and saw 1 of its levels.

You collected 8 gold pieces.

Inventory:

Hand Weapons
 a - a +1 dagger (weapon)
Armour
 b - a +0 robe (worn)
Scrolls
 d - a scroll of noise {unknown}
Potions
 c - 2 potions of invisibility


   Skills:
 + Level 1.0 Short Blades
 + Level 1.5 Dodging
 + Level 4.5 Stealth
 + Level 2.1 Spellcasting
 + Level 3.0 Hexes


You had 4 spell levels left.
You didn't know any spells.
Your spell library contained the following spells:

 Spells                   Type           Power      Damage    Failure   Level
 Ensorcelled Hibernation  Hex/Ice        12%        N/A       19%         2
 Confusing Touch          Hex            10%        N/A       19%         3
 Tukima's Dance           Hex            10%        N/A       19%         3
 Dazzling Flash           Conj/Hex       12%        N/A       34%         3


Dungeon Overview and Level Annotations

Branches:
Dungeon (1/15)

Altars:


Innate Abilities, Weirdness & Mutations

Your serpentine skin is tough. (AC +0)
You have supernaturally acute eyesight. (SInv)
Armour fits poorly on your strangely shaped body.
Your system is resistant to poisons. (rPois)
You cover ground very slowly.
You can spit poison.
You have a snake-like lower body.


Message History

The goblin barely misses you.
You hit the goblin.
The goblin is severely wounded.
The goblin closely misses you. The goblin hits you with a +0 club.
You barely miss the goblin.
The goblin is severely wounded.
The goblin hits you but does no damage. The goblin closely misses you.
You hit the goblin.
You kill the goblin!
The goblin barely misses you.
You completely miss the rat. The goblin hits you with a +0 dagger.
The rat bites you.
You barely miss the rat. The goblin hits you but does no damage.
You closely miss the rat. The goblin completely misses you.
The rat completely misses you. The rat bites you.
You hit the rat.
You kill the rat!
The rat bites you but does no damage. The goblin closely misses you.
You hit the goblin.
The goblin is heavily wounded.
The rat bites you. The goblin hits you with a +0 dagger.
You closely miss the goblin.
The goblin is heavily wounded.
The rat barely misses you. The goblin closely misses you.
You hit the goblin.
The goblin is severely wounded.
The rat barely misses you. The goblin hits you with a +0 dagger.
* * * LOW HITPOINT WARNING * * *
You closely miss the goblin.
The goblin is severely wounded.
The rat closely misses you. The goblin hits you but does no damage.
You hit the goblin but do no damage.
The goblin is severely wounded.
The rat bites you.
* * * LOW HITPOINT WARNING * * *
The goblin barely misses you.
You barely miss the goblin.
The goblin is severely wounded.
The rat barely misses you. The goblin hits you with a +0 dagger.
You die...

... # #.. #.###
#.## ....######
#.#. #......#
#.#. #####r.)..#
#.#. #...)@....##
#.##
#...g......##
##...
........####..###
#..## #.....###
##...####..#.
#.....
###.......#.
...... #.....#.#.
..... #.....#.##
....# #.........
#....#....


You could see a goblin and a rat.

Vanquished Creatures
  A goblin (D:1)
  A kobold (D:1)
  A rat (D:1)
3 creatures vanquished.

Notes
Turn   | Place    | Note
-------+----------+-------------------------------------------
     0 | D:1      | bonegar the Naga Enchanter began the quest for the Orb.
     0 | D:1      | Reached XP level 1. HP: 15/15 MP: 3/3
    63 | D:1      | Slain by a goblin

Illustrated notes

Levels and vault maps discovered:
D:1:      minmay_arrival_four_houses, layout_basic

Action                     || total
---------------------------++-------
  Melee: Dagger            ||    16
   Stab: Sleeping          ||     1
 Armour: Robe              ||    14
  Dodge: Dodged            ||    13
